 Dungeon Crawl Stone Soup version 0.30.1-11-g7821555f0a (webtiles) character file.

Game seed: 1158964744226754967

8485 lonewolfV2 the Spry (level 11, -9/101 HPs)
             Began as a Minotaur Fighter on Nov 14, 2023.
             Was a Follower of Qazlal.
             Killed from afar by Azrael (21 damage)
             ... with a bolt of fire
             ... on level 2 of the Orcish Mines.
             The game lasted 00:14:58 (10726 turns).

lonewolfV2 the Spry (Minotaur Fighter)             Turns: 10726, Time: 00:14:59

Health: -9/101     AC: 15    Str: 22    XL:     11   Next: 10%
Magic:  0/10       EV: 19    Int: 11    God:    Qazlal [*.....]
Gold:   986        SH: 12    Dex: 19    Spells: 10/10 levels left

rFire   . . .        k - +7 hand axe "Ycsivy" {venom, rElec rCorr}
rCold   . . .        c - +0 buckler
rNeg    . . .        m - +2 scale mail of Xuisir {Will++ Dex+6}
rPois   .            y - +2 hat
rElec   +            A - +0 cloak
rCorr   +            j - +2 pair of gloves {infuse}
SInv    .            (no boots)
Will    ++...        v - amulet of reflection Stlth
                     s - +6 ring of intelligence
HPRegen 0.36/turn    (no ring)
MPRegen 0.12/turn

%: reflection
@: studying Dodging
A: horns 2, retaliatory headbutt
a: Renounce Religion


You were on level 2 of the Orcish Mines.
You worshipped Qazlal.
Qazlal was aware of your devotion.
You visited 3 branches of the dungeon, and saw 12 of its levels.

You collected 986 gold pieces.

Inventory:

Hand Weapons
 a - a +1 war axe of venom
 k - the +7 hand axe "Ycsivy" (weapon) {venom, rElec rCorr}
   (You found it on level 2 of the Dungeon)

   rElec:     It insulates you from electricity.
   rCorr:     It protects you from acid and corrosion.
 p - the +6 whip "Dragonbane" {heavy, *Corrode rC++ Int+4}
   (You found it on level 8 of the Dungeon)

   Int:       It affects your intelligence (+4).
   rC:        It greatly protects you from cold.
   *Corrode:  It may corrode you when you take damage.
Armour
 b - a +0 scale mail
 c - a +0 buckler (worn)
 f - a +3 plate armour
 j - a +2 pair of gloves of infusion (worn)
 m - the +2 scale mail of Xuisir (worn) {Will++ Dex+6}
   (You found it on level 7 of the Dungeon)

   Dex:       It affects your dexterity (+6).
   Will:      It greatly increases your willpower.
 y - a +2 hat (worn)
 A - a +0 cloak (worn)
Jewellery
 i - an amulet of faith
 s - a +6 ring of intelligence (left hand)
 t - a ring of wizardry
 v - an amulet of reflection (around neck)
Wands
 n - a wand of charming (14)
 x - a wand of roots (9)
Scrolls
 q - 5 scrolls of teleportation
Potions
 d - 2 potions of might
 e - 4 potions of flight
 g - 4 potions of curing
 h - 4 potions of mutation
 l - a potion of cancellation
 o - a potion of magic
 r - 2 potions of haste
 u - a potion of heal wounds
 z - a potion of attraction
Miscellaneous
 B - a phial of floods


   Skills:
 - Level 10.5 Fighting
 * Level 10.3 Axes
 - Level 3.6 Armour
 + Level 15.0 Dodging
 - Level 3.6 Shields


You had 10 spell levels left.
You didn't know any spells.
Your spell library contained the following spells:

 Spells                   Type           Power      Damage    Failure   Level
 Kiss of Death            Conj/Necr      0%         2d5       75%         1
 Necrotise                Necr           0%         1d4       75%         1
 Sublimation of Blood     Necr           0%         N/A       86%         2
 Wereblood                Tmut           0%         N/A       86%         2
 Summon Guardian Golem    Hex/Summ       0%         N/A       98%         3
 Vampiric Draining        Necr           0%         2d6       98%         3
 Volatile Blastmotes      Fire/Tloc      0%         2d10      98%         3
 Cause Fear               Hex            0%         N/A       100%        4
 Fulminant Prism          Conj/Hex       0%         3d5       100%        4
 Iskenderun's Mystic Bla  Conj/Tloc      0%         2d3       100%        4
 Lee's Rapid Deconstruct  Erth           0%         3d4*      100%        5
 Dragon Form              Tmut           0%         N/A       100%        7
 Orb of Destruction       Conj           0%         9d5       100%        7
 Spellforged Servitor     Conj/Summ      0%         N/A       100%        7
 Summon Hydra             Summ           0%         N/A       100%        7
 Dragon's Call            Summ           0%         N/A       100%        9


Dungeon Overview and Level Annotations

Branches:
Dungeon (9/15)             Temple (1/1) D:7            Lair (0/5) D:8
    Orc (2/2) D:9             Elf (0/3) Orc:2

Altars:
Ashenzari
Cheibriados
Dithmenos
Elyvilon
Fedhas
Gozag
Hepliaklqana
Kikubaaqudgha
Makhleb
Nemelex Xobeh
Okawaru
Qazlal
Ru
Sif Muna
Trog
Uskayaw
Vehumet
Wu Jian
Xom
Yredelemnul
Zin
The Shining One

Shops:
Orc:1 *

Annotations:
Orc:2 Azrael


Innate Abilities, Weirdness & Mutations

You have a pair of horns on your head.
You reflexively headbutt those who attack you in melee.


Message History

You hit the hell hound but do no damage.
The hell hound looks as sick as possible!
You hit the fire elemental but do no damage.
You hit the hell hound. You miss something.
You block the fire elemental's attack.
The hell hound bites you but does no damage.
You block the hell hound's attack.
Azrael hits you with a +3 scimitar of flaming!
Azrael burns you!
* * * LOW HITPOINT WARNING * * *
Something hits you but does no damage. The fire elemental misses you.
You slash Azrael!
Azrael is severely wounded.
You slash the fire elemental! You hit the hell hound.
The hell hound looks as sick as possible!
You hit something. You hit the hell hound.
You kill the hell hound!
Qazlal accepts your kill. You block the hell hound's attack.
The fire elemental hits you. The fire elemental burns you!
* * * LOW HITPOINT WARNING * * *
The fire elemental misses you. Azrael gestures at you.
The sticky flame hits you!
You are covered in liquid flames!
* * * LOW HITPOINT WARNING * * *
You hear some strange, mumbled words.
Something tries to affect you, but you resist.
You feel better.
You are covered in liquid flames!
* * * LOW HITPOINT WARNING * * *
You are no longer on fire.
The hell hound breathes flames at you. The blast of flame misses you.
The fire elemental hits you. The fire elemental burns you!
* * * LOW HITPOINT WARNING * * *
You block the hell hound's attack. You block the fire elemental's attack.
Azrael gestures at you. The bolt of fire hits you!!
You die...

#..##.# #...#.#
#.......... #..#.###
#.........## ##....#.#
#....$.....#
.#......#####...$......
......)...##.........##
...........##...○.....#.
..........###.)ERE.$....
...........#..)h@.......
...#...........{..#.....
...........$.....## #..
..#..............##
.##...............#
..###................
....#.................
.......................
.........##.##.>......#


You could see Azrael (extremely poisoned), 2 fire elementals and a hell hound
(extremely poisoned, catching breath).

Vanquished Creatures
  Josephine (Orc:1)
  Pikel (D:6)
  Maurice (D:8)
  Grinder (D:6)
  2 hornets
  2 trolls (D:9)
  Sigmund (D:6)
  4 wraiths
  A wyvern (D:5)
  A steam dragon (D:8)
  Menkaure (D:6)
  A warg (Orc:1)
  An acid dragon (D:9)
  2 hell hounds (Orc:2)
  9 orc warriors
  2 sky beasts
  9 ogres
  8 centaurs
  A phantom (D:4)
  4 kobold brigands
  3 bullfrogs
  Blork the orc (D:6)
  A gnoll sergeant (D:9)
  6 scorpions
  10 wights (D:7)
  2 howler monkeys
  Crazy Yiuf (D:7)
  3 orc priests
  A hound (D:5)
  A jelly (D:4)
  2 iguanas (D:5)
  4 orc wizards
  8 adders
  5 gnolls
  A shadow imp (D:7)
  2 white imps
  2 ufetubi
  2 worms
  3 dart slugs
  21 orcs
  4 bats
  11 endoplasms
  7 giant cockroaches
  9 goblins
  6 hobgoblins
  12 jackals
  8 quokkas
  3 ball pythons
  A frilled lizard (D:2)
  15 kobolds
  2 rats (D:2)
210 creatures vanquished.

Vanquished Creatures (others)
  An orc (Orc:1)
1 creature vanquished.

Grand Total: 211 creatures vanquished

Notes
Turn   | Place    | Note
-------+----------+-------------------------------------------
     0 | D:1      | lonewolfV2 the Minotaur Fighter began the quest for the
                  | Orb.
     0 | D:1      | Reached XP level 1. HP: 19/19 MP: 0/0
    96 | D:1      | Reached XP level 2. HP: 28/28 MP: 1/1
   302 | D:1      | Reached skill level 5 in Fighting
   436 | D:1      | Reached XP level 3. HP: 33/36 MP: 2/2
   985 | D:2      | Reached XP level 4. HP: 44/44 MP: 3/3
  1011 | D:2      | Identified the +7 hand axe "Ycsivy" {venom, rElec rCorr}
  1696 | D:3      | Found a faded altar of an unknown god.
  1900 | D:3      | Prayed at the altar of an unknown god.
  1900 | D:3      | Became a worshipper of Kikubaaqudgha
  1900 | D:3      | Reached * piety under Kikubaaqudgha
  1900 | D:3      | Received a gift from Kikubaaqudgha
  1901 | D:3      | Fell from the grace of Kikubaaqudgha
  2115 | D:4      | Reached XP level 5. HP: 51/52 MP: 2/4
  2222 | D:4      | Noticed a phantom
  2231 | D:4      | Killed a phantom
  2232 | D:4      | Reached XP level 6. HP: 36/62 MP: 1/5
  3129 | D:5      | Entered Level 5 of the Dungeon
  3334 | D:5      | Noticed a wyvern
  3340 | D:5      | Reached XP level 7. HP: 47/71 MP: 1/6
  3342 | D:5      | Killed a wyvern
  3343 | D:5      | Reached skill level 10 in Fighting
  3458 | D:5      | Reached skill level 1 in Dodging
  3696 | D:5      | Reached skill level 2 in Dodging
  4077 | D:5      | You fall into a shaft and drop 3 floors!
  4093 | D:8      | Reached skill level 3 in Dodging
  4097 | D:8      | Reached skill level 4 in Dodging
  4338 | D:8      | Noticed a steam dragon
  4349 | D:8      | Killed a steam dragon
  4350 | D:8      | Reached skill level 5 in Dodging
  4350 | D:8      | Reached XP level 8. HP: 73/80 MP: 3/7
  4405 | D:8      | Noticed a hornet
  4411 | D:8      | Killed a hornet
  4412 | D:8      | Reached skill level 6 in Dodging
  4549 | D:8      | Noticed Maurice
  4555 | D:8      | Reached skill level 7 in Dodging
  4570 | D:8      | Killed Maurice
  4571 | D:8      | Reached skill level 8 in Dodging
  4823 | D:8      | Found a staircase to the Lair.
  5309 | D:6      | Noticed Blork the orc
  5315 | D:6      | Killed Blork the orc
  5316 | D:6      | Reached skill level 9 in Dodging
  5402 | D:6      | Noticed Menkaure
  5411 | D:6      | HP: 3/80 [Menkaure/nerve-wracking pain (6)]
  5413 | D:6      | Killed Menkaure
  5414 | D:6      | Reached XP level 9. HP: 21/86 MP: 2/8
  5762 | D:6      | Noticed Pikel
  5766 | D:6      | Killed Pikel
  5767 | D:6      | Reached skill level 10 in Dodging
  5768 | D:6      | Noticed Grinder
  5772 | D:6      | Paralysed by Grinder for 3 turns
  5779 | D:6      | Killed Grinder
  6062 | D:6      | Reached skill level 11 in Dodging
  6865 | D:6      | Reached skill level 12 in Dodging
  7138 | D:6      | Noticed Sigmund
  7144 | D:6      | Killed Sigmund
  7464 | D:6      | Identified a scroll of acquirement
  7464 | D:6      | Acquired a manual of Dodging
  7478 | D:7      | Identified the +2 scale mail of Xuisir {Will++ Dex+6}
  7617 | D:7      | Reached XP level 10. HP: 89/94 MP: 4/9
  7844 | D:7      | Found a staircase to the Ecumenical Temple.
  7976 | Temple   | Entered the Ecumenical Temple
  7996 | Temple   | Became a worshipper of Qazlal Stormbringer
  8053 | D:7      | Found a runed translucent door.
  8054 | D:7      | Noticed Crazy Yiuf
  8072 | D:7      | Reached skill level 5 in Axes
  8126 | D:7      | Reached skill level 13 in Dodging
  8306 | D:7      | Was forgiven by Kikubaaqudgha
  8355 | D:7      | Found a snail-covered altar of Cheibriados.
  8358 | D:7      | Found a blossoming altar of Fedhas.
  8359 | D:7      | Found an iron altar of Okawaru.
  8359 | D:7      | Found a sparkling altar of Nemelex Xobeh.
  8359 | D:7      | Found a glowing golden altar of the Shining One.
  8429 | D:7      | Killed Crazy Yiuf
  8607 | D:8      | Identified the +6 whip "Dragonbane" {heavy, *Corrode rC++
                  | Int+4}
  9315 | D:9      | Found a staircase to the Orcish Mines.
  9360 | D:9      | Reached skill level 14 in Dodging
  9385 | D:9      | Reached * piety under Qazlal
  9630 | Orc:1    | Entered Level 1 of the Orcish Mines
  9650 | Orc:1    | Found Xasim's Assorted Antiques.
  9969 | Orc:1    | Noticed Josephine
  9984 | Orc:1    | Killed Josephine
  9985 | Orc:1    | Reached XP level 11. HP: 39/101 MP: 0/10
  9994 | Orc:1    | Reached skill level 10 in Axes
 10618 | Orc:2    | Entered Level 2 of the Orcish Mines
 10696 | Orc:2    | Found a staircase to the Elven Halls.
 10710 | Orc:2    | Noticed Azrael
 10721 | Orc:2    | Reached skill level 15 in Dodging
 10726 | Orc:2    | Killed from afar by Azrael

Illustrated notes

Levels and vault maps discovered:
D:1:      erik_arrival_blinker_ship, layout_basic,
          hangedman_abyss_or_decor_stabs, minmay_misc_feat_cross
D:2:      layout_rooms
D:3:      layout_loops_ring, shapermc_ecumenical_altar_mp_ritualfount
D:4:      layout_loops_ring, minmay_fractal_squares_gapless_5
D:5:      layout_basic
D:6:      layout_layer_cave, centaur_isle, uniq_blork_the_orc, uniq_pikel,
          uniq_grinder, uniq_menkaure, uniq_sigmund
D:7:      layout_gridville, minitemple, temple_pool_b, uniq_crazy_yiuf_cottage
D:8:      layout_loops_corners, dpeg_oklobed_lair, kennysheep_generic_room_3,
          uniq_maurice
D:9:      lemuel_flame_loot_2, layout_loops_ring,
          kennysheep_orc_monster_closet_entryway
Temple:   sentei_temple_godly_chess
Orc:1:    layout_caves, basic_altar, serial_shops,
          nicolae_shop_tiny_statue_garden, uniq_josephine
Orc:2:    grunt_orc_gardens, layout_diamond_mine, grunt_orc_garden,
          grunt_orc_garden, grunt_orc_garden, grunt_orc_garden, uniq_jorgrun,
          uniq_azrael, uniq_saint_roka

Skill      XL: |  1  2  3  4  5  6  7  8  9 10 11 |
---------------+----------------------------------+-----
Fighting       | 4 5 6 7 8 9 10 | 10.5
Dodging        | 5 9 12 14 15 | 15.0
Axes           | 4 9 10 | 10.3
Armour         | |  3.6
Shields        | |  3.6

Action                     |  1- 3 |  4- 6 |  7- 9 | 10-12 || total
---------------------------+-------+-------+-------+-------++-------
  Melee: War axe           |    70 |    11 |       |       ||    81
         Headbutt          |    11 |    13 |    16 |    42 ||    82
         Hand axe          |       |    98 |   117 |   154 ||   369
 Invoke: Renounce Religion |       |     1 |       |       ||     1
  Evoke: Wand              |       |       |     8 |       ||     8
    Use: Scroll            |     2 |     9 |     5 |     4 ||    20
         Potion            |       |       |     2 |     1 ||     3
 Armour: Scale mail        |    34 |       |     1 |    36 ||    71
         Plate armour      |     5 |    71 |    75 |       ||   151
  Dodge: Dodged            |    46 |    14 |    44 |   101 ||   205
  Block: Buckler           |    25 |    27 |    57 |    91 ||   200
         Reflection        |       |       |    20 |     4 ||    24
